 Dungeon Crawl Stone Soup version 0.27.0-1-g7a089689b8 (webtiles) character file.

Game seed: 2651127007210521632

5646 MisterFreud the Carver (level 10, -6/88 HPs)
             Began as a Minotaur Abyssal Knight on Aug 17, 2021.
             Was an Elder of Lugonu.
             Mangled by an orc warrior (28 damage)
             ... in a bailey.
             The game lasted 00:11:08 (7755 turns).

MisterFreud the Carver (Minotaur Abyssal Knight)    Turns: 7755, Time: 00:11:08

Health: -6/88      AC: 17    Str: 19    XL:     10   Next: 46%
Magic:  2/15       EV: 10    Int: 11    God:    Lugonu [****..]
Gold:   528        SH:  0    Dex: 17    Spells: 9/9 levels left

rFire    . . .     SeeInvis .   t - +8 falchion of Ragnarok {protect, rC+}
rCold    + . .     Faith    .   (no shield)
rNeg     . . .     Spirit   .   l - +0 scale mail
rPois    .         Reflect  .   (helmet unavailable)
rElec    .         Harm     .   (no cloak)
rCorr    .         Rampage  .   (no gloves)
Will     +....                  A - +0 pair of boots {Fly}
Stlth    ..........             (no amulet)
HPRegen  0.00/turn              h - +6 ring of dexterity
MPRegen  0.14/turn              o - ring of willpower

@: under a protective aura, flying, inhibited regen
A: horns 3, retaliatory headbutt, iridescent scales 1, clever 1, inhibited
regeneration
a: Renounce Religion, Depart the Abyss, Bend Space, Banish, Corrupt


You were in a bailey.
You worshipped Lugonu.
Lugonu was greatly pleased with you.
You visited 1 branch of the dungeon, and saw 7 of its levels.
You visited the Abyss 1 time.
You also visited: Sewer and Bailey.

You collected 528 gold pieces.

Inventory:

Hand Weapons
 a - a +1 hand axe
 m - a +0 hand axe of venom
 t - the +8 falchion of Ragnarok (weapon) {protect, rC+}
   (You found it on level 5 of the Dungeon)

   It grants its wielder temporary protection when it strikes (+7 to AC).
   rC:        It protects you from cold.
Missiles
 p - 48 poisoned darts
 r - 25 boomerangs
 v - 4 curare-tipped darts
Armour
 b - a +0 leather armour
 l - a +0 scale mail (worn)
 A - a +0 pair of boots of flying (worn)
Jewellery
 h - a +6 ring of dexterity (left hand)
 o - a ring of willpower (right hand)
Wands
 s - a wand of flame (15)
 x - a wand of polymorph (1)
Scrolls
 e - a scroll of blinking {unknown}
 f - 7 scrolls of teleportation {unknown}
 g - 2 scrolls of acquirement
 i - a scroll of noise {unknown}
 n - 2 scrolls of fog {unknown}
 q - a scroll of enchant armour {unknown}
 w - a scroll of holy word {unknown}
 y - 2 scrolls of identify
 z - a scroll of magic mapping {unknown}
Potions
 c - a potion of might
 d - 4 potions of curing
 j - 3 potions of heal wounds
 k - 2 potions of haste
 u - a potion of cancellation {unknown}
 B - a potion of experience


   Skills:
 - Level 8.0 Fighting
 + Level 12.3 Long Blades
 - Level 3.0 Axes
 - Level 6.0 Armour
 - Level 1.1 Dodging
 + Level 8.9 Invocations


You had 9 spell levels left.
You didn't know any spells.
Your spell library contained the following spells:

 Spells                   Type           Power      Damage    Failure   Level
 Beastly Appendage        Tmut           0%         N/A       67%         1
 Corona                   Hex            0%         N/A       67%         1
 Ensorcelled Hibernation  Hex/Ice        0%         N/A       82%         2
 Static Discharge         Conj/Air       0%         N/A       82%         2
 Wereblood                Tmut           0%         N/A       82%         2
 Dazzling Flash           Conj/Hex       0%         N/A       96%         3
 Spider Form              Tmut/Pois      0%         N/A       96%         3
 Tukima's Dance           Hex            0%         N/A       96%         3
 Iskenderun's Mystic Bla  Conj/Tloc      0%         2d3       100%        4
 Lightning Bolt           Conj/Air       0%         1d11      100%        5
 Starburst                Conj/Fire      0%         8x6d3     100%        6
 Maxwell's Capacitive Co  Air            0%         ∞         100%        8


Dungeon Overview and Level Annotations

Branches:
Dungeon (7/15)              Sewer (visited)          Bailey (1/1)
 Temple: D:4-7

Altars:
Hepliaklqana
Okawaru
Wu Jian
Xom
Zin

Shops:
D:3 (


Innate Abilities, Weirdness & Mutations

You have a pair of large horns on your head.
You reflexively headbutt those who attack you in melee.
You are partially covered in iridescent scales. (AC +2)
Your mind is acute. (Int +2)
You do not regenerate when monsters are visible.


Message History

The orc warrior shouts!
You hear a shout!
A hobgoblin comes into view. It is wielding a +0 hand axe.
The hobgoblin shouts!
The orc knight hits you with a +0 war axe!!
You are too injured to fight recklessly!
You are too injured to fight recklessly!
Press: ? - help, Shift-Dir - straight line, f - orc knight
Aim: an orc knight, wielding a +0 war axe and wearing a +0 plate armour (chance to affect: 73%)
The orc knight struggles to resist.
The orc knight roars a battlecry!
The orc warrior goes into a battle-frenzy!
Unknown command.
Press: ? - help, Shift-Dir - straight line, f/p - orc knight
Aim: an orc knight, wielding a +0 war axe and wearing a +0 plate armour (chance to affect: 73%)
The orc knight struggles to resist.
The orc knight hits you with a +0 war axe!!
* * * LOW HITPOINT WARNING * * *
Unknown command.
Press: ? - help, Shift-Dir - straight line, f/p - orc knight
Aim: an orc knight, wielding a +0 war axe and wearing a +0 plate armour (chance to affect: 73%)
The orc knight is devoured by a tear in reality.
Lugonu claims a new guest.
You can no longer gate yourself to the Abyss.
An orc warrior comes into view. It is wielding a +0 war axe.
The orc warrior shouts!
You hit the orc warrior.
Your weapon exudes an aura of protection.
The orc warrior is lightly wounded.
The orc warrior barely misses you. You furiously retaliate!
You headbutt the orc warrior.
You riposte.
You hit the orc warrior.
The orc warrior is moderately wounded.
You closely miss the orc warrior.
The orc warrior is moderately wounded.
The orc warrior closely misses you. You furiously retaliate!
You headbutt the orc warrior.
You riposte.
You hit the orc warrior.
The orc warrior is severely wounded.
You hit the orc warrior.
The orc warrior is severely wounded.
The orc warrior hits you with a +0 battleaxe!!
You die...

.........#...........#
.........#......))...#
).......###....).)))###
#.....###.###.....#)#.###
###.###
...###.###.)...### ).###
.... ###........!# )).#
..o.. #8........?. ...#
......#8..)....... ...#
.....go@....⌠....∩ ...#
.....§#8.........? ...#
.....##8.........? ..##
..... ##.........# ###
... ###.....### # .#
#'#.### .###


You could see 2 orc warriors and a hobgoblin.

Vanquished Creatures
  An orc knight (Bailey)
  Grinder (D:3)
  A wyvern (D:6)
  Eustachio (D:4)
  Edmund (D:4)
  A steam dragon (D:7)
  Menkaure (D:6)
  Duvessa (D:4)
  Purgy (D:3)
  2 sky beasts (D:5)
  7 orc warriors (Bailey)
  A black bear (D:5)
  A centaur (D:5)
  2 phantoms
  Dowan (D:4)
  A water moccasin skeleton (D:5)
  6 killer bees (D:6)
  A howler monkey (D:5)
  A centaur zombie (D:5)
  A jelly (D:6)
  2 orc priests
  2 hounds
  A centaur skeleton (D:4)
  An iguana (D:6)
  A bullfrog skeleton (D:5)
  2 orc wizards (D:5)
  2 killer bee zombies
  4 adders
  8 gnolls
  A shadow imp (D:5)
  A white imp (D:5)
  5 worms
  5 dart slugs
  16 orcs
  14 endoplasms
  6 giant cockroaches
  21 hobgoblins
  16 jackals
  14 kobolds
  5 quokkas
  12 ball pythons
  5 bats
  10 frilled lizards
  25 goblins
  5 rats
217 creatures vanquished.

Vanquished Creatures (others)
  10 plants (Sewer)
10 creatures vanquished.

Grand Total: 227 creatures vanquished

Notes
Turn   | Place    | Note
-------+----------+-------------------------------------------
     0 | Abyss:1  | MisterFreud the Minotaur Abyssal Knight began the quest for
                  | the Orb.
     0 | Abyss:1  | Reached XP level 1. HP: 19/19 MP: 1/1
     8 | D:1      | Escaped the Abyss
   203 | D:1      | Reached XP level 2. HP: 20/28 MP: 2/2
   529 | D:1      | Reached ** piety under Lugonu
   872 | D:1      | Reached skill level 5 in Fighting
   934 | D:1      | Reached XP level 3. HP: 27/36 MP: 3/3
  1595 | D:2      | Found a faded altar of an unknown god.
  1742 | D:2      | Reached XP level 4. HP: 38/44 MP: 4/4
  1984 | D:3      | Noticed Grinder
  2145 | D:4      | Noticed a phantom
  2158 | D:4      | Killed a phantom
  2159 | D:4      | Reached XP level 5. HP: 35/52 MP: 5/5
  2346 | D:4      | Noticed Edmund
  2356 | D:4      | Gained mutation: You are partially covered in iridescent
                  | scales. (AC +2) [potion of mutation]
  2356 | D:4      | Gained mutation: Your mind is acute. (Int +2) [potion of
                  | mutation]
  2356 | D:4      | Gained mutation: You do not regenerate when monsters are
                  | visible. [potion of mutation]
  2356 | D:4      | Gained mutation: You have a pair of large horns on your
                  | head. [potion of mutation]
  2361 | D:4      | Killed Edmund
  2362 | D:4      | Reached XP level 6. HP: 22/61 MP: 6/6
  2782 | D:4      | Found a glowing drain.
  2788 | D:4      | Reached *** piety under Lugonu
  2802 | D:4      | Noticed Dowan
  2804 | Sewer    | Entered a sewer
  3152 | D:4      | Noticed Duvessa
  3228 | D:5      | Entered Level 5 of the Dungeon
  3231 | D:5      | Reached skill level 5 in Armour
  3720 | D:4      | Reached XP level 7. HP: 67/68 MP: 7/7
  4151 | D:5      | Found an iron altar of Okawaru.
  4169 | D:5      | Reached **** piety under Lugonu
  4195 | D:5      | Reached skill level 5 in Invocations
  4561 | D:5      | Identified the +8 falchion of Ragnarok {protect, rC+}
  4632 | D:5      | Reached XP level 8. HP: 74/74 MP: 9/11
  4736 | D:4      | Noticed Eustachio
  4758 | D:4      | Killed Eustachio
  4759 | D:4      | Reached skill level 2 in Long Blades
  4829 | D:3      | Paralysed by Grinder for 7 turns
  4837 | D:3      | Killed Grinder
  4838 | D:3      | Reached skill level 4 in Long Blades
  5321 | D:3      | Noticed Purgy
  5330 | D:3      | Killed Purgy
  5331 | D:3      | Reached skill level 5 in Long Blades
  5468 | D:3      | Found Goiped's Weapon Shoppe.
  5590 | D:4      | Found a hazy altar of Hepliaklqana.
  5590 | D:4      | Found a glowing silver altar of Zin.
  5673 | D:4      | Killed Duvessa
  5674 | D:4      | Reached skill level 6 in Long Blades
  5675 | D:4      | Killed Dowan
  5931 | D:5      | Reached skill level 7 in Long Blades
  6466 | D:6      | Reached skill level 8 in Long Blades
  6466 | D:6      | Reached XP level 9. HP: 46/81 MP: 12/12
  6493 | D:6      | Noticed Menkaure
  6812 | D:6      | Killed Menkaure
  6813 | D:6      | Reached skill level 9 in Long Blades
  6945 | D:6      | You fall into a shaft and drop 1 floor!
  6996 | D:7      | Found an ornate altar of the Wu Jian Council.
  7030 | D:7      | Found a flagged portal.
  7047 | D:7      | Found a shimmering altar of Xom.
  7052 | D:7      | Reached skill level 10 in Long Blades
  7074 | Bailey   | Entered a bailey
  7162 | Bailey   | Reached ***** piety under Lugonu
  7366 | Bailey   | Noticed an orc knight
  7386 | Bailey   | Killed an orc knight
  7400 | Bailey   | Reached skill level 11 in Long Blades
  7635 | Bailey   | Reached XP level 10. HP: 42/88 MP: 14/14
  7722 | Bailey   | Noticed an orc warlord
  7725 | Bailey   | Banished an orc warlord
  7726 | Bailey   | Reached skill level 12 in Long Blades
  7746 | Bailey   | Noticed an orc knight
  7752 | Bailey   | Banished an orc knight
  7755 | Bailey   | Mangled by an orc warrior

Illustrated notes

Levels and vault maps discovered:
D:1:      amcnicky_arrival_gap_in_the_tavern_cellar, layout_basic, serial_glass,
          glass_columns_a, glass_columns_a, minmay_stone_trees_small,
          kennysheep_nondescript
D:2:      minmay_chambers_of_twos, layout_loops_ring, basic_ecumenical_altar
D:3:      layout_rooms, serial_shops, shop, uniq_grinder, uniq_purgy
D:4:      layout_loops_ring, gammafunk_temple_overflow_pools,
          portal_sewer_entry_f, uniq_eustachio, uniq_edmund, uniq_duvessa
D:5:      layout_loops_corners, amcnicky_altar_gilded,
          kennysheep_generic_room_13
D:6:      minmay_general_purpose_star, layout_rooms,
          mainiacjoe_overflow_cross_hatched, chequers_serial_rivers_micro_b,
          uniq_menkaure, uniq_crazy_yiuf_cottage
D:7:      layout_loops_cross, lemuel_doored_altar, xom_teletrap_fun,
          minmay_temple_entry_mini_moons, enter_bailey_5, uniq_pikel,
          uniq_joseph
Bailey:   bailey_axe_minmay_hex_keep, bailey

Skill      XL: |  1  2  3  4  5  6  7  8  9 10 |
---------------+-------------------------------+-----
Fighting       | 4 5 6 7 8 |  8.0
Armour         | 3 5 6 |  6.0
Invocations    | 2 5 6 7 8 |  8.9
Axes           | 3 |  3.0
Long Blades    | 8 11 12 | 12.3
Dodging        | |  1.1

Action                   |  1- 3 |  4- 6 |  7- 9 | 10-12 || total
-------------------------+-------+-------+-------+-------++-------
Melee: Hand axe          |    94 |   167 |    76 |       ||   337
       Headbutt          |    10 |    27 |    64 |     1 ||   102
       Falchion          |       |       |   187 |    11 ||   198
       Unarmed           |       |       |     3 |       ||     3
Invok: Banish            |       |       |     2 |     4 ||     6
  Use: Potion            |       |     4 |     3 |       ||     7
       Scroll            |       |     2 |       |       ||     2
 Stab: Sleeping          |     1 |       |       |       ||     1
       Distracted        |       |       |     1 |       ||     1
Armor: Leather armour    |    28 |       |       |       ||    28
       Scale mail        |     8 |    97 |   121 |       ||   226
Dodge: Dodged            |    68 |    90 |   106 |     4 ||   268
       Rpst.: Falchion   |       |       |    12 |     2 ||    14
